 Dungeon Crawl Stone Soup version 0.32-a0-886-g41c5271027 (webtiles) character file.

Game seed: 16491346548578414738

1238 Biggs the Skirmisher (level 8, -3/56 HPs)
             Began as a Coglin Hunter on Apr 2, 2024.
             Slain by a gnoll
             ... wielding a +0 halberd
             ... led by a gnoll sergeant
              (11 damage)
             ... on level 7 of the Dungeon.
             The game lasted 00:05:55 (4329 turns).

Biggs the Skirmisher (Coglin Hunter)                Turns: 4329, Time: 00:05:55

Health: -3/56      AC:  5    Str: 11    XL:     8   Next: 49%
Magic:  8/8        EV: 12    Int: 10    God:
Gold:   329        SH:  0    Dex: 19    Spells: 7/7 levels left

rFire   . . .        a - +2 sling {Dube}
rCold   . . .        d - +0 sling {Gurmehar}
rNeg    . . .        c - +0 leather armour
rPois   .            q - +0 helmet
rElec   .            (no cloak)
rCorr   .            v - +0 pair of gloves
SInv    .            (no boots)
Will    .....        (amulet unavailable)
Stlth   ++           (ring unavailable)
HPRegen 0.29/turn    (ring unavailable)
MPRegen 0.11/turn    (no gizmo)

%: no passive effects
@: revved
A: off-hand wielding, slow wielding, warmup strikes, no jewellery
a: Invent Gizmo


You were on level 7 of the Dungeon.
You visited 1 branch of the dungeon, and saw 7 of its levels.

You collected 329 gold pieces.

Inventory:

Hand Weapons
 a - a +2 sling (weapon) {Dube}
 d - a +0 sling (offhand) {Gurmehar}
Missiles
 k - a throwing net
Armour
 c - a +0 leather armour (worn)
 q - a +0 helmet (worn)
 v - a +0 pair of gloves (worn)
Wands
 w - a wand of polymorph (8)
Scrolls
 b - a scroll of butterflies
 g - a scroll of revelation
 h - 2 scrolls of teleportation
 j - 2 scrolls of poison
 l - 2 scrolls of enchant armour {unknown}
 m - 2 scrolls of noise {unknown}
 r - a scroll of vulnerability {unknown}
 t - a scroll of fog {unknown}
Potions
 e - 3 potions of enlightenment {unknown}
 f - a potion of curing {unknown}
 i - a potion of might
 n - a potion of brilliance {unknown}
 p - a potion of berserk rage {unknown}
 s - a potion of invisibility {unknown}
 u - a potion of attraction {unknown}
 x - a potion of heal wounds {unknown}


   Skills:
 - Level 2.0 Fighting
 - Level 9.1 Ranged Weapons
 + Level 4.0 Dodging
 - Level 0.7 Stealth


You had 7 spell levels left.
You didn't know any spells.
Your spell library contained the following spells:

 Spells                   Type           Power      Damage    Failure   Level
 Blink                    Tloc           0%         N/A       58%         2
 Lesser Beckoning         Tloc           0%         N/A       58%         2
 Momentum Strike          Conj/Tloc      0%         3d8       58%         2
 Static Discharge         Conj/Air       0%         3-3/arc   58%         2
 Sublimation of Blood     Necr           0%         N/A       58%         2
 Maxwell's Portable Pile  Tloc           0%         2d(5-13)  83%         3
 Teleport Other           Tloc           0%         N/A       83%         3
 Airstrike                Air            0%         2d(0-16)  99%         4
 Petrify                  Alch/Erth      0%         N/A       99%         4
 Summon Lightning Spire   Summ/Air       0%         N/A       99%         4
 Vhi's Electric Charge    Tloc/Air       0%         N/A       99%         4
 Arcjolt                  Conj/Air       0%         1d10      100%        5
 Irradiate                Conj/Alch      0%         3d11      100%        5
 Maxwell's Capacitive Co  Air            0%         ∞         100%        8


Dungeon Overview and Level Annotations

Branches:
Dungeon (7/15)
 Temple: D:4-7

Altars:
Ashenzari
Fedhas
Makhleb
Nemelex Xobeh
Sif Muna
Trog
Vehumet
Zin
The Shining One

Shops:
D:1 =   D:6 (


Innate Abilities, Weirdness & Mutations

You can wield a second weapon in your off-hand.
It takes a long time for you to wield or remove held weapons.
Your first few attacks do less damage.
You cannot equip rings or amulets.


Message History

The gnoll is severely wounded.
You shoot a sling bullet. The sling bullet hits the gnoll.
The gnoll is almost dead.
You feel sick. The gnoll barely misses you.
Unknown command.
Unknown command.
Fire: a) +2 sling {Dube}
Press: ? - help, Q - select action, (/) - cycle Shift-Dir - straight line, f - gnoll
Aim: a gnoll, wielding a +0 halberd (69% to hit)
You shoot a sling bullet.
The sling bullet closely misses the gnoll.
The sling bullet hits the gnoll.
The gnoll is lightly wounded.
You shoot a sling bullet. The sling bullet hits the gnoll.
You kill the gnoll!
You feel sick.
Unknown command.
Fire: a) +2 sling {Dube}
Press: ? - help, Q - select action, (/) - cycle Shift-Dir - straight line, f - gnoll, p - gnoll
Aim: a gnoll, wielding a +0 flail (lightly wounded, 69% to hit)
You shoot a sling bullet.
The sling bullet hits the gnoll but does no damage.
The gnoll is lightly wounded.
You shoot a sling bullet.
The sling bullet barely misses the gnoll.
The sling bullet hits the gnoll.
The gnoll is moderately wounded.
You feel sick. The gnoll barely misses you.
Unknown command.
Fire: a) +2 sling {Dube}
Press: ? - help, Q - select action, (/) - cycle Shift-Dir - straight line, f/p - gnoll
Aim: a gnoll, wielding a +0 flail (moderately wounded, 69% to hit)
You shoot a sling bullet. The sling bullet hits the gnoll.
The gnoll is heavily wounded.
You shoot a sling bullet. The sling bullet hits the gnoll.
The gnoll is almost dead.
You feel sick.
You are no longer poisoned.
The gnoll hits you from afar with a +0 halberd!
You die...

# ..## #.. . #
#....#### #.##. #
#gg†.# #..^ #
#@### ###..# #
#...### #.... ###
###...# #.#.###..
###.####.#.##..#
#####.#.........##
##.......##.†#####
.....##.####..##
.##.>..........#
#.####.......#


You could see 2 gnolls.

Vanquished Creatures
  A water moccasin (D:7)
  2 black bears
  3 phantoms
  A bullfrog (D:6)
  A gnoll sergeant (D:5)
  2 bombardier beetles
  A hound (D:6)
  A jelly (D:6)
  An orc priest (D:5)
  3 iguanas
  2 orc wizards (D:5)
  Robin (D:4)
  4 adders
  13 gnolls
  A shadow imp (D:6)
  A ribbon worm (D:2)
  2 dart slugs
  21 orcs
  7 ball pythons
  5 giant cockroaches
  15 goblins
  9 hobgoblins
  4 jackals (D:1)
  8 kobolds
  3 quokkas
  5 bats
  2 frilled lizards
  6 rats
125 creatures vanquished.

Notes
Turn   | Place    | Note
-------+----------+-------------------------------------------
     0 | D:1      | Biggs the Coglin Hunter began the quest for the Orb.
     0 | D:1      | Reached XP level 1. HP: 16/16 MP: 1/1
   128 | D:1      | Reached skill level 4 in Ranged Weapons
   128 | D:1      | Reached XP level 2. HP: 22/22 MP: 2/2
   286 | D:1      | Reached XP level 3. HP: 21/27 MP: 3/3
   504 | D:1      | Found Unuamn's Jewellery Shoppe.
   699 | D:2      | Reached skill level 5 in Ranged Weapons
   699 | D:2      | Reached XP level 4. HP: 33/33 MP: 4/4
  1271 | D:3      | Reached XP level 5. HP: 38/38 MP: 5/5
  1981 | D:4      | Noticed Robin
  1988 | D:4      | Noticed a phantom
  1990 | D:4      | Killed Robin
  2002 | D:4      | Killed a phantom
  2003 | D:4      | Reached skill level 6 in Ranged Weapons
  2003 | D:4      | Reached XP level 6. HP: 11/44 MP: 6/6
  2263 | D:4      | Found a radiant altar of Vehumet.
  2270 | D:4      | Found a shimmering blue altar of Sif Muna.
  2273 | D:4      | Found a sparkling altar of Nemelex Xobeh.
  2273 | D:4      | Found a bloodstained altar of Trog.
  2281 | D:4      | Found a glowing golden altar of the Shining One.
  2369 | D:4      | Found a broken altar of Ashenzari.
  2506 | D:4      | Noticed a black bear
  2511 | D:4      | Killed a black bear
  2512 | D:4      | Reached skill level 7 in Ranged Weapons
  2676 | D:4      | Found a burning altar of Makhleb.
  2676 | D:4      | Found a glowing silver altar of Zin.
  2787 | D:5      | Entered Level 5 of the Dungeon
  2796 | D:5      | Found a blossoming altar of Fedhas.
  2834 | D:5      | Reached XP level 7. HP: 50/50 MP: 7/7
  3149 | D:5      | Reached skill level 8 in Ranged Weapons
  3275 | D:5      | Got the Book of Dislocation
  3622 | D:6      | Reached XP level 8. HP: 51/56 MP: 8/8
  3642 | D:6      | Found Zorchos's Antique Weapon Shoppe.
  3693 | D:6      | Reached skill level 9 in Ranged Weapons
  4329 | D:7      | Slain by a gnoll

Illustrated notes

Levels and vault maps discovered:
D:1:      co_arrival_square_in_a_square_in_a_square, layout_basic, serial_shops,
          nicolae_shop_tiny_real_fake_doors, supply_closet_lemuel
D:2:      layout_rooms, st_stairs_7
D:3:      minmay_wonky_spiral, layout_basic, grunt_ministairs_15,
          minmay_large_rounded_square, chequers_serial_rivers_small_3,
          kennysheep_generic_room_11
D:4:      layout_rooms, grunt_temple_overflow_order_and_chaos_2,
          nicolae_overflow_hallway_of_the_gods, ashenzari_altar_1,
          kennysheep_pointless_box, uniq_robin
D:5:      layout_basic, overflow_temple_1_default,
          chequers_serial_rivers_micro_c, minmay_statues_item
D:6:      layout_basic, serial_shops, shop
D:7:      layout_rooms, lemuel_mausoleum_altar_yredelemnul,
          minmay_temple_entry_nine_rooms, minmay_misc_feat_alley, uniq_jeremiah,
          uniq_crazy_yiuf_cottage

Skill      XL: |  1  2  3  4  5  6  7  8 |
---------------+-------------------------+-----
Ranged Weapons | 4 5 6 7 8 9 |  9.1
Dodging        | 4 |  4.0
Fighting       | |  2.0
Stealth        | |  0.7

Action                     |  1- 3 |  4- 6 |  7- 9 || total
---------------------------+-------+-------+-------++-------
   Fire: Sling             |   100 |   312 |   294 ||   706
    Use: Scroll            |       |       |     4 ||     4
 Armour: Leather armour    |     8 |    38 |    41 ||    87
  Dodge: Dodged            |     7 |    27 |    25 ||    59

Table legend: (Time is in decaauts)
 A = Elapsed time spent in this place.
 B = Non-inter-level travel time spent in this place.
 C = Inter-level travel time spent in this place.
 D = Time resting spent in this place.
 E = Time spent auto-exploring this place.
 F = Levels seen in this place.
 G = Mean time per level.
                   A        B        C        D        E       F      G
               +--------+--------+--------+--------+--------+-----+--------+
         Total |   4368 |   4194 |    174 |      0 |   3587 |   7 |  624.0 |
       Dungeon |   4368 |   4194 |    174 |      0 |   3587 |   7 |  624.0 |
               +--------+--------+--------+--------+--------+-----+--------+

Top non-repeatable levels by time:
     D:4: 833 daAuts
     D:3: 789 daAuts
     D:5: 780 daAuts
     D:6: 706 daAuts
     D:1: 682 daAuts
     D:2: 516 daAuts
     D:7: 59 daAuts
